 Dungeon Crawl Stone Soup version 0.20.2-3-g29329e0561 (webtiles) character file.

58 Alfie the Skirmisher (level 4, -1/40 HPs)
             Began as a Hill Orc Fighter on Dec 16, 2022.
             Slain by a goblin
             ... wielding a +0 club
             ... led by Robin
              (3 damage)
             ... on level 2 of the Dungeon.
             The game lasted 00:02:17 (849 turns).

Alfie the Skirmisher (Hill Orc Fighter)              Turns: 849, Time: 00:02:18

Health: -1/40      AC:  9    Str: 24    XL:     4   Next: 1%
Magic:  4/4        EV:  7    Int:  8    God:
Gold:   70         SH:  9    Dex: 10    Spells: 3/3 levels left

rFire    . . .     SeeInvis .   a - +0 rapier
rCold    . . .     Gourm    .   c - +0 shield
rNeg     . . .     Faith    .   b - +1 scale mail
rPois    .         Spirit   .   (no helmet)
rElec    .         Reflect  .   j - +0 cloak
rCorr    .         Harm     .   (no gloves)
MR       .....                  (no boots)
Stlth    ..........             (no amulet)
Regen    0.2/turn               (no ring)
MPRegen  0.1/turn               (no ring)

@: mighty, drained
A: no striking features
a: no special abilities


You were on level 2 of the Dungeon.
You were not hungry.

You visited 1 branch of the dungeon, and saw 2 of its levels.

You collected 70 gold pieces.

Inventory:

Hand Weapons
 a - a +0 rapier (weapon)
Armour
 b - a +1 scale mail (worn)
 c - a +0 shield (worn)
 j - a +0 cloak (worn)
Jewellery
 k - an uncursed amulet of guardian spirit
Scrolls
 m - a scroll of fear {unknown}
 n - a scroll of fog {unknown}
 p - a scroll of enchant weapon {unknown}
Potions
 e - 2 potions of curing
 g - a potion of berserk rage {unknown}
 i - a potion of mutation {unknown}
 l - a potion of brilliance {unknown}
 o - 2 potions of resistance {unknown}
Comestibles
 f - a bread ration
 h - 2 meat rations


   Skills:
 + Level 4.1(3.8) Fighting
 + Level 2.6(2.3) Short Blades
 + Level 4.0(3.7) Armour
 + Level 0.1(0.0) Dodging
 + Level 3.8(3.6) Shields


You had 3 spell levels left.
You didn't know any spells.

Dungeon Overview and Level Annotations

Branches:
Dungeon (2/15)

Altars:

Annotations:
D:2 Robin


Message History

You block the goblin's attack.
You completely miss the goblin. The goblin hits you but does no damage.
The goblin closely misses you.
Your shield and scale mail prevent you from hitting the goblin.
The goblin hits you but does no damage. The goblin hits you with a club.
* * * LOW HITPOINT WARNING * * *
You barely miss the goblin.
The goblin no longer looks unusually strong.
The goblin hits you but does no damage. You block the goblin's attack.
Robin roars a battlecry!
The goblin goes into a battle-frenzy!
You closely miss the goblin.
The goblin no longer looks unusually strong.
The goblin hits you but does no damage. x2
Robin roars a battlecry!
The goblin goes into a battle-frenzy!
The goblin closely misses you.
Your shield and scale mail prevent you from hitting the goblin.
You block the goblin's attack. The goblin hits you with a club.
You die...

.. ##....... #.
#........ #. #... ...
#.#####..##.# # #...
....#..#.# ##..# #......
# #...####g.#.##.#### ##
#....g@gg..........
.######
#...####..##.#.####
......#######.####..# !#
..###.#.....>.........).
..#
#.........########.##
.## ###..#.#..# .# ##
#..#.#<.# .# # #..#.#..#
.. ##.....>.#


You could see Robin and 3 goblins.

Vanquished Creatures
  4 gnolls
  A leopard gecko (D:1)
  5 goblins
  4 hobgoblins
  3 bats (D:1)
  A kobold (D:1)
  A rat (D:1)
19 creatures vanquished.

Notes
Turn   | Place    | Note
-------+----------+-------------------------------------------
     0 | D:1      | Alfie the Hill Orc Fighter began the quest for the Orb.
     0 | D:1      | Reached XP level 1. HP: 19/19 MP: 1/1
   283 | D:1      | Reached XP level 2. HP: 20/27 MP: 2/2
   829 | D:2      | Reached XP level 3. HP: 18/33 MP: 3/3
   833 | D:2      | Noticed Robin
   844 | D:2      | Reached XP level 4. HP: 3/40 MP: 4/4
   846 | D:2      | HP: 1/40 [goblin/club[Robin] (2)]
   849 | D:2      | Slain by a goblin

Skill      XL: |  1  2  3 |
---------------+----------+-----
Fighting       | 4 |  4.1
Armour         | 4 |  4.0
Short Blades   | |  2.6
Dodging        | |  0.1
Shields        | |  3.8

Action                   |  1- 3 |  4- 6 || total
-------------------------+-------+-------++-------
Melee: Rapier            |    64 |     5 ||    69
  Use: Scroll            |     4 |       ||     4
       Potion            |     1 |       ||     1
Armor: Scale mail        |    24 |     3 ||    27
Dodge: Dodged            |    11 |     2 ||    13
Block: Shield            |    23 |     3 ||    26
